 Dungeon Crawl Stone Soup version 0.17.1-1-g73c8601 (webtiles) character file.

1152 Implojin the Cleaver (level 8, 0/64 HPs)
             Began as a Minotaur Fighter on Apr 9, 2016.
             Was an Initiate of Cheibriados.
             Succumbed to a centaur's poison
             ... on level 8 of the Dungeon.
             The game lasted 00:12:00 (1590 turns).

Implojin the Cleaver (Minotaur Fighter)             Turns: 1590, Time: 00:12:00

Health: 0/64       AC: 13    Str: 23      XL:     8   Next: 16%
Magic:  7/7        EV:  9    Int:  6      God:    Cheibriados [......]
Gold:   131        SH: 10    Dex: 17 (19) Spells: 0 memorised, 7 levels left

rFire  + + .     SeeInvis .     a - +0 war axe
rCold  . . .     Clarity  .     r - +1 plate armour of Philately {rF+ Dex+2}
rNeg   . . .     SustAt   .     c - +0 shield
rPois  .         Gourm    .     (helmet restricted)
rElec  .         Spirit   .     (no cloak)
rCorr  +         Warding  .     l - +0 pair of gloves
rMut   .         Stasis   .     (no boots)
MR     +....                    h - amulet of resist corrosion
Stlth  ..........               s - ring of protection from fire
                                j - ring of protection from magic

@: agile, lethally poisoned (0 -> -7), very slow, somewhat resistant to hostile
enchantments, extremely unstealthy
A: retaliatory headbutt, horns 2
a: Bend Time, Renounce Religion


You were on level 8 of the Dungeon.
You worshipped Cheibriados.
Cheibriados was noncommittal.
You were not hungry.

You visited 2 branches of the dungeon, and saw 9 of its levels.

You collected 131 gold pieces.

Inventory:

Hand Weapons
 a - a +0 war axe (weapon)
 C - a +1 long sword of distortion
Armour
 b - a +0 scale mail
 c - a +0 shield (worn)
 l - a +0 pair of gloves (worn)
 r - the +1 plate armour of Philately (worn) {rF+ Dex+2}
   (You found it on level 5 of the Dungeon)

   It affects your dexterity (+2).
   It protects you from fire.
 y - a +1 cloak
Jewellery
 h - an amulet of resist corrosion (around neck)
 j - a ring of protection from magic (left hand)
 s - a ring of protection from fire (right hand)
Wands
 D - a wand of fire (8)
Scrolls
 m - a scroll of recharging {unknown}
 p - 3 scrolls of remove curse
 x - a scroll of teleportation {unknown}
 B - a scroll of fog {unknown}
 E - a scroll of noise {unknown}
Potions
 d - a potion of might
 g - 2 potions of flight
 i - a potion of berserk rage
 o - a potion of haste {unknown}
 t - 2 potions of lignification
 z - a potion of agility
Books
 A - a book of Callings

   Spells                             Type                      Level
   a - Summon Small Mammal            Summoning                    1
   b - Call Imp                       Summoning                    2
   c - Call Canine Familiar           Summoning                    3
   d - Summon Guardian Golem          Hexes/Summoning              3
   e - Summon Lightning Spire         Summoning/Air                4
   f - Summon Ice Beast               Ice/Summoning                4
Comestibles
 e - 3 bread rations
 k - 3 meat rations
 n - 2 slices of pizza
 q - 2 beef jerkies
 u - a royal jelly


   Skills:
 - Level 3.6 Fighting
 * Level 11.6 Axes
 - Level 3.6 Armour
 - Level 3.6 Shields


You had 7 spell levels left.
You didn't know any spells.

Dungeon Overview and Level Annotations

Branches:
Dungeon (8/15)             Temple (1/1) D:4
   Lair: D:8-11

Altars:
Ashenzari
Cheibriados
Dithmenos
Elyvilon
Fedhas
Gozag
Kikubaaqudgha
Makhleb
Qazlal
Ru
Sif Muna
Trog
Vehumet
Xom
Yredelemnul
Zin

Shops:
D:4 }=**?


Innate Abilities, Weirdness & Mutations

You reflexively headbutt those who attack you in melee.
You have a pair of horns on your head.


Message History

h - an amulet of resist corrosion (around neck)
Found a scroll of amnesia.
A centaur comes into view.
The centaur shouts!
The centaur wields a shortbow.
The centaur shoots a poisoned arrow.
You block the poisoned arrow.
The centaur shoots a poisoned arrow.
The poisoned arrow hits you!
* * * LOW HITPOINT WARNING * * *
You are poisoned.
You see here a poisoned arrow.
You feel sick.
You feel sick.
The centaur shoots a poisoned arrow.
You block the poisoned arrow.
You see here a poisoned arrow.
You feel sick.
The centaur shoots a poisoned arrow.
The poisoned arrow hits you but does no damage.
You are more poisoned.
You feel sick.
The centaur shoots a poisoned arrow.
The poisoned arrow hits you!
* * * LOW HITPOINT WARNING * * *
You see here a poisoned arrow.
Drink which item? (? for menu, Esc to quit)
You feel better.
The centaur shoots a poisoned arrow.
The poisoned arrow barely misses you.
The centaur shoots a poisoned arrow.
The poisoned arrow hits you!
* * * LOW HITPOINT WARNING * * *
You are lethally poisoned!
Things that are here:
2 poisoned arrows; an adder corpse; a killer bee corpse Drink which item? (? for menu, Esc to quit)
It was a potion of agility.
You feel agile all of a sudden.
* * * LOW HITPOINT WARNING * * *
You feel sick.
Drink which item? (? for menu, Esc to quit)
It was a potion of degeneration.
There was something very wrong with that liquid.
You feel clumsy.
You die...

.......######....##.....#
.......(..[............>#
....####.#####..........#
.... #c.# ###.#.....##
....... ##.## ###.##....#
......S #..# #.........#
...$...####(# #.#.#.###.#
..y....#.##.###.#.#[....#
......S.#..@.....).#####
.....#.#..#####.###
#........# #.# #.†......#
#.# ##.......# #.#
#.......# #.#
#.......###.#
######......# ####.#..##


You could see a centaur.

Vanquished Creatures
  The ghost of Implojin the Chopper, an amateur MiBe of Trog (D:5)
  3 orc warriors
  Duvessa (D:7)
  2 sky beasts
  Dowan (D:7)
  3 killer bees (D:8)
  An orc priest (D:8)
  A hound (D:6)
  An orc wizard (D:7)
  A worker ant (D:7)
  A hound zombie (D:8)
  A hound skeleton (D:6)
  7 adders
  2 adder skeletons
  A worm (D:2)
  11 orcs
  3 bats (D:1)
  2 giant cockroaches
  A hobgoblin (D:1)
  A ball python (D:1)
  A ball python skeleton (D:4)
  2 giant geckos
  A giant newt (D:1)
  A goblin (D:1)
  A rat (D:1)
51 creatures vanquished.

Notes
Turn   | Place    | Note
--------------------------------------------------------------
     0 | D:1      | Implojin the Minotaur Fighter began the quest for the Orb.
     0 | D:1      | Reached XP level 1. HP: 19/19 MP: 0/0
    77 | D:1      | Reached skill level 3 in Axes
   152 | D:2      | Reached XP level 2. HP: 19/26 MP: 1/1
   173 | D:3      | Reached skill level 4 in Axes
   192 | D:4      | Found Ozesm's Gadget Boutique.
   221 | D:4      | Found Ichisoen's Jewellery Emporium.
   273 | D:5      | Entered Level 5 of the Dungeon
   326 | D:3      | Found a bloodstained altar of Trog.
   376 | D:5      | Reached XP level 3. HP: 27/31 MP: 2/2
   389 | D:5      | Got a steaming plate armour
   404 | D:5      | Identified the cursed +1 plate armour of Philately {rF+ Dex+2} (You found it on level 5 of the Dungeon)
   475 | D:6      | Reached skill level 5 in Axes
   480 | D:6      | Reached XP level 4. HP: 39/39 MP: 3/3
   508 | D:7      | Noticed Duvessa
   508 | D:7      | Noticed Dowan
   536 | D:7      | Killed Duvessa
   536 | D:7      | Reached skill level 6 in Axes
   536 | D:7      | Reached XP level 5. HP: 27/45 MP: 4/4
   556 | D:7      | Killed Dowan
   556 | D:7      | Reached skill level 7 in Axes
   651 | D:7      | Found a shattered altar of Ashenzari.
   651 | D:7      | Found a radiant altar of Vehumet.
   680 | D:7      | Noticed an orc warrior
   695 | D:7      | Killed an orc warrior
   695 | D:7      | Reached skill level 8 in Axes
   695 | D:7      | Reached XP level 6. HP: 10/51 MP: 5/5
   892 | D:6      | Found a blossoming altar of Fedhas.
  1033 | D:6      | Noticed a sky beast
  1043 | D:6      | Killed a sky beast
  1043 | D:6      | Reached skill level 9 in Axes
  1043 | D:6      | Reached XP level 7. HP: 41/57 MP: 6/6
  1061 | D:5      | Noticed Implojin's ghost (amateur MiBe)
  1077 | D:5      | Killed Implojin's ghost
  1085 | D:4      | Found Dyopamimuo's Assorted Antiques.
  1179 | D:4      | Found Yruoff's Assorted Antiques.
  1206 | D:4      | Found Leweupon's Magic Scroll Boutique.
  1250 | D:4      | Found a staircase to the Ecumenical Temple.
  1259 | Temple   | Entered the Ecumenical Temple
  1299 | Temple   | Became a worshipper of Cheibriados the Contemplative
  1457 | D:8      | Reached skill level 10 in Axes
  1506 | D:8      | Reached skill level 11 in Axes
  1508 | D:8      | Reached XP level 8. HP: 17/64 MP: 7/7
  1585 | D:8      | HP: 3/64 [centaur/poisoned arrow (9)]
  1588 | D:8      | HP: 1/64 [centaur/poisoned arrow (9)]
  1590 | D:8      | Succumbed to a centaur's poison

Action                   |  1- 3 |  4- 6 |  7- 9 || total
-------------------------+-------+-------+-------++-------
Melee: War axe           |    52 |    58 |    65 ||   175
  Use: Potion            |       |     2 |     5 ||     7
       Scroll            |       |     4 |     3 ||     7
  Eat: Pizza             |       |       |     2 ||     2

Table legend:
 A = Turns spent in this place as a percentage of turns spent in the entire game.
 B = Non-inter-level travel turns spent in this place as a percentage of non-inter-level travel turns spent in the entire game.
 C = Inter-level travel turns spent in this place as a percentage of turns spent in this place.
 D = Turns resting spent in this place as a percentage of non-inter-level travel turns spent in this place.
 E = Turns spent auto-exploring this place as a percentage of non-inter-level travel turns spent in this place.
 F = Non-inter-level travel turns spent in this place divided by the number of levels of this place that you've seen.
                   A       B       C       D       E      F
               +-------+-------+-------+-------+-------+----------------------
         Total | 100.0 | 100.0 |   0.0 |   0.0 |   0.0 | 175.9
       Dungeon |  96.6 |  96.6 |   0.0 |   0.0 |   0.0 | 191.1
        Temple |   3.4 |   3.4 |   0.0 |   0.0 |   0.0 |  54.0
               +-------+-------+-------+-------+-------+----------------------

Table legend:
 A = Kills in this place as a percentage of kills in entire the game.
 B = Kills by you in this place as a percentage of kills by you in the entire game.
 C = Kills by friends in this place as a percentage of kills by friends in the entire game.
 D = Other kills in this place as a percentage of other kills in the entire game.
 E = Experience gained in this place as a percentage of experience gained in the entire game.
 F = Experience gained in this place divided by the number of levels of this place that you have seen.
                   A       B       C       D       E      F
               +-------+-------+-------+-------+-------+----------------------
         Total | 100.0 | 100.0 |  -nan |  -nan | 100.0 | 182.9
       Dungeon | 100.0 | 100.0 |  -nan |  -nan | 100.0 | 205.8
               +-------+-------+-------+-------+-------+----------------------
